 Dungeon Crawl Stone Soup version 0.27-a0-1065-ge809cff456 (webtiles) character file.

Game seed: 8212764090235246802

3145 ArcanElement the Unflinching (level 10, 0/105 HPs)
             Began as a Human Fighter on Apr 23, 2021.
             Was a Believer of the Shining One.
             Succumbed to a gnoll sergeant's poison
             ... on level 7 of the Dungeon.
             The game lasted 00:27:59 (10197 turns).

ArcanElement the Unflinching (Human Fighter)       Turns: 10197, Time: 00:28:00

Health: 0/105      AC: 29    Str: 18    XL:     10   Next: 15%
Magic:  16/16      EV:  2    Int:  9    God:    the Shining One [**....]
Gold:   757        SH: 10    Dex: 14    Spells: 9/9 levels left

rFire    + . .     SeeInvis .   a - +1 long sword
rCold    + . .     Faith    .   n - +0 kite shield
rNeg     + + +     Spirit   .   (armour currently unavailable)
rPois    +         Reflect  .   (helmet currently unavailable)
rElec    +         Harm     .   (cloak currently unavailable)
rCorr    +         Rampage  .   (gloves currently unavailable)
Will     .....     NoTele   +   (boots currently unavailable)
Stlth    +.........             (no amulet)
HPRegen  0.27/turn              f - ring of wizardry
MPRegen  0.15/turn              h - +4 ring of protection

@: lethally poisoned (0 -> -3), tree-form, resistant, attractive, glowing
A: stationary, stasis, torment immunity, boosted hp, (deformed body), sense
surroundings 1
a: Renounce Religion, Divine Shield


You were on level 7 of the Dungeon.
You worshipped the Shining One.
The Shining One was pleased with you.
You were a tree.
You visited 2 branches of the dungeon, and saw 9 of its levels.
You also visited: Ossuary.

You collected 757 gold pieces.

Inventory:

Hand Weapons
 a - a +1 long sword (weapon)
Missiles
 c - 6 boomerangs (quivered)
 k - 11 poisoned darts
 s - 3 boomerangs of dispersal
 z - 4 javelins
Armour
 b - a +0 scale mail
 e - the +4 tower shield "Fyteur" {rPois rC+ Will-}
   (You acquired it on level 7 of the Dungeon)

   It protects you from cold.
   It protects you from poison.
   It decreases your willpower.
 g - a +0 ring mail
 i - a +0 plate armour
 j - a +0 chain mail
 n - a +0 kite shield (worn)
 t - the +1 ring mail of Muankeg (melded) {SInv}
   (You found it on level 5 of the Dungeon)

   It lets you see invisible.
Jewellery
 f - a ring of wizardry (left branch)
 h - a +4 ring of protection (right branch)
Wands
 y - a wand of flame (18)
Scrolls
 d - 2 scrolls of amnesia
 l - a scroll of vulnerability
 m - 2 scrolls of blinking
 r - a scroll of identify
 v - 2 scrolls of magic mapping
 w - a scroll of holy word
 C - a scroll of teleportation {unknown}
Potions
 o - 3 potions of cancellation
 u - 2 potions of brilliance
 A - a potion of berserk rage
 B - 2 potions of might
 D - 2 potions of lignification
 F - a potion of magic


   Skills:
 - Level 3.0 Fighting
 * Level 8.6 Long Blades
 + Level 5.7 Armour
 + Level 5.7 Shields
 * Level 8.7 Invocations


You had 9 spell levels left.
You didn't know any spells.
Your spell library was empty.

Dungeon Overview and Level Annotations

Branches:
Dungeon (8/15)             Temple (1/1) D:7            Lair (0/6) D:8
Ossuary (visited)

Altars:
Ashenzari
Cheibriados
Gozag
Makhleb
Trog
Yredelemnul
The Shining One
Beogh

Shops:
D:8 *

Annotations:
D:4 1 runed translucent door, Crazy Yiuf
D:6 3 runed translucent doors, HendSelp's ghost, novice TeGl


Innate Abilities, Weirdness & Mutations

You are a tree.
Your roots penetrate the ground, keeping you stationary.
You cannot be teleported.
You are immune to unholy pain and torment.
Your maximum health is greatly increased.
Your equipment is partially melded.
((Armour fits poorly on your strangely shaped body.))
You passively map a small area around you.


Message History

As you read the scroll of blinking, it crumbles to dust.
* * * LOW HITPOINT WARNING * * *
You feel extremely sick.
You feel much better.
* * * LOW HITPOINT WARNING * * *
You feel extremely sick.
* * * LOW HITPOINT WARNING * * *
You feel very sick.
You climb upwards.
* * * LOW HITPOINT WARNING * * *
You feel extremely sick.
There is a stone staircase leading down here.
You feel protected.
* * * LOW HITPOINT WARNING * * *
You feel very sick.
Really quaff the potion of lignification?
You turn into a tree.
The +1 ring mail of Muankeg {SInv} melds into your body.
Your roots penetrate the ground.
* * * LOW HITPOINT WARNING * * *
You feel sick.
It was a potion of attraction.
You feel attractive to monsters.
* * * LOW HITPOINT WARNING * * *
You feel sick.
Really quaff the potion of mutation?
You feel extremely strange.
Your body twists and deforms.
You feel a strange attunement to the structure of the dungeons.
* * * LOW HITPOINT WARNING * * *
You feel sick.
Okay, then.
Something appears at your feet!
* * * LOW HITPOINT WARNING * * *
You feel sick.
e - the +4 tower shield "Fyteur" {rPois rC+ Will-}
* * * LOW HITPOINT WARNING * * *
You feel sick.
Keep disrobing?
You die...

.....#...#.....###...#########...
.....#####...................#...
............###.⌠..>..⌠......#...
............#................#...
............+..###...###.....####
............#..# #.⌠.# #.........
............#'####...# #.........
########'#.....#.).##########....
#....#.....#♣[..........#...†
#....#.....#............#....
#....#.....#............#....
#....#!....#............#....
#....#.....#............#....
######'###.....#.####'#######....
#.........##'###.#...............
#.........#......+...............
#.........#......#...............


There were no monsters in sight!

Vanquished Creatures
  Joseph (D:7)
  Prince Ribbit (D:7)
  A yak (D:8)
  A steam dragon (D:7)
  Menkaure (D:4)
  2 black bears (D:4)
  An orc warrior (D:8)
  2 sky beasts
  A necrophage (D:6)
  3 centaurs
  An ogre (D:5)
  A kobold brigand (D:7)
  A gnoll sergeant (D:8)
  5 bullfrogs
  A water moccasin skeleton (D:5)
  2 hounds (D:4)
  2 jellies
  2 bullfrog skeletons (D:6)
  2 orc priests (D:8)
  A centaur skeleton (D:6)
  Natasha (thrice) (D:2)
  5 orc wizards
  A hound skeleton (D:5)
  8 mummies (Ossuary)
  9 gnolls (D:8)
  4 adders
  A howler monkey skeleton (D:6)
  A worm (D:3)
  4 dart slugs
  24 orcs
  6 ball pythons
  A bat (D:2)
  8 endoplasms
  4 giant cockroaches
  8 goblins
  9 hobgoblins
  10 jackals
  3 quokkas
  A gnoll zombie (Ossuary)
  3 hobgoblin zombies (Ossuary)
  9 kobolds
  3 kobold zombies (Ossuary)
  An orc zombie (Ossuary)
  10 rats
168 creatures vanquished.

Vanquished Creatures (collateral kills)
  An ogre (D:7)
1 creature vanquished.

Vanquished Creatures (others)
  An orc (D:5)
  14 fungi
  24 plants (D:8)
39 creatures vanquished.

Grand Total: 208 creatures vanquished

Notes
Turn   | Place    | Note
-------+----------+-------------------------------------------
     0 | D:1      | ArcanElement the Human Fighter began the quest for the Orb.
     0 | D:1      | Reached XP level 1. HP: 18/18 MP: 1/1
   280 | D:1      | Reached XP level 2. HP: 24/24 MP: 2/2
   523 | D:1      | Found a faded altar of an unknown god.
   580 | D:1      | Reached XP level 3. HP: 22/29 MP: 3/3
  1148 | D:2      | Reached XP level 4. HP: 35/35 MP: 4/4
  1437 | D:2      | Noticed Natasha
  1452 | D:2      | Killed Natasha
  1596 | D:2      | Reached XP level 5. HP: 37/41 MP: 5/5
  1777 | D:2      | Noticed Natasha
  1786 | D:2      | Killed Natasha
  1787 | D:2      | Reached skill level 5 in Long Blades
  1960 | D:2      | Noticed Natasha
  1966 | D:2      | Killed Natasha
  2060 | D:2      | Identified a scroll of acquirement
  2780 | D:4      | Noticed a black bear
  2911 | D:4      | Noticed Menkaure
  2918 | D:4      | Killed Menkaure
  2919 | D:4      | Reached XP level 6. HP: 26/47 MP: 6/6
  2935 | D:4      | Noticed a black bear
  3084 | D:4      | Killed a black bear
  3085 | D:4      | Reached XP level 7. HP: 34/52 MP: 7/7
  3936 | D:4      | Found a runed translucent door.
  3937 | D:4      | Noticed Crazy Yiuf
  3998 | D:5      | Entered Level 5 of the Dungeon
  4657 | D:5      | Identified the +1 ring mail of Muankeg {SInv}
  4745 | D:5      | Reached XP level 8. HP: 58/58 MP: 8/8
  4860 | D:6      | Identified the +1 plate armour of the Wheelwright {Dex+4}
  4862 | D:6      | Noticed HendSelp's ghost (novice TeGl)
  4868 | D:6      | Found a runed translucent gate.
  4869 | D:6      | Found a runed translucent gate.
  4869 | D:6      | Found a runed translucent gate.
  5432 | D:6      | Reached skill level 5 in Armour
  5432 | D:6      | Reached skill level 5 in Shields
  6016 | D:7      | Found a staircase to the Ecumenical Temple.
  6023 | Temple   | Entered the Ecumenical Temple
  6051 | Temple   | Became a worshipper of the Shining One
  6093 | D:7      | Found a sand-covered staircase.
  6099 | Ossuary  | Entered an ossuary
  6141 | Ossuary  | Reached * piety under the Shining One
  6668 | D:7      | Reached XP level 9. HP: 39/63 MP: 8/10
  7081 | D:7      | Noticed Joseph
  7338 | D:7      | Found a snail-covered altar of Cheibriados.
  7435 | D:7      | Noticed Prince Ribbit
  7454 | D:7      | Killed Prince Ribbit
  7455 | D:7      | Reached skill level 5 in Invocations
  7588 | D:7      | Killed Joseph
  8370 | D:8      | Reached ** piety under the Shining One
  9025 | D:8      | Found Meij's Assorted Antiques.
  9142 | D:8      | Reached XP level 10. HP: 70/70 MP: 16/16
  9516 | D:8      | Found a staircase to the Lair.
 10193 | D:7      | HP: 4/105 [poisoned by a gnoll sergeant]
 10194 | D:7      | Gained mutation: Armour fits poorly on your strangely
                  | shaped body. [potion of mutation]
 10194 | D:7      | Gained mutation: You passively map a small area around you.
                  | [potion of mutation]
 10195 | D:7      | Acquired the +4 tower shield "Fyteur" {rPois rC+ Will-}
 10196 | D:7      | HP: 1/105 [poisoned by a gnoll sergeant]
 10197 | D:7      | Succumbed to a gnoll sergeant's poison

Illustrated notes

Levels and vault maps discovered:
D:1:      lemuel_arrival_lava_pool, layout_basic,
          hellmonk_ecumenical_altar_prayer_group
D:2:      layout_basic, serial_rivers, chequers_serial_rivers_room_b,
          chequers_serial_rivers_large_b, chequers_serial_rivers_room_a,
          chequers_serial_rivers_marsh, chequers_serial_rivers_large_a,
          minmay_indecisive_spiral, uniq_natasha
D:3:      layout_rooms, chequers_serial_rivers_small_b, minmay_quadrilaterals
D:4:      layout_loops_ring, uniq_menkaure, uniq_crazy_yiuf_cottage
D:5:      layout_rooms, serial_corexii_hall, chequers_hall_statues_y,
          corexii_hall_statues_x, corexii_hall_statues_l, corexii_hall_statues_s
D:6:      layout_basic, biasface_ghost_orc_armoury
D:7:      layout_gridville, kennysheep_slug_shrine,
          minmay_temple_entry_junction, nicolae_ossuary_entry_plus,
          uniq_prince_ribbit1, uniq_joseph
D:8:      layout_layer_cave, grunt_lair_entry_orc_guard_hut, serial_shops, shop
Temple:   minmay_crystal_snake_temple

Skill      XL: |  1  2  3  4  5  6  7  8  9 |
---------------+----------------------------+-----
Long Blades    | 3 4 5 6 7 8 |  8.6
Armour         | 4 5 |  5.7
Shields        | 4 5 |  5.7
Invocations    | 2 8 |  8.7
Fighting       | |  3.0

Action                   |  1- 3 |  4- 6 |  7- 9 | 10-12 || total
-------------------------+-------+-------+-------+-------++-------
Melee: Long sword        |   101 |   110 |   358 |    58 ||   627
Throw: Dart              |       |    10 |    29 |     1 ||    40
       Boomerang         |       |       |    10 |       ||    10
Evoke: Wand              |       |       |     3 |       ||     3
  Use: Potion            |       |     4 |    11 |     5 ||    20
       Scroll            |       |     4 |    14 |     2 ||    20
 Stab: Invisible         |       |     2 |     2 |       ||     4
Armor: Scale mail        |    28 |       |       |       ||    28
       Ring mail         |    22 |    56 |   185 |    25 ||   288
       Skin              |       |       |    15 |       ||    15
Dodge: Dodged            |    36 |    49 |   111 |    18 ||   214
Block: Kite shield       |    60 |    62 |   212 |    47 ||   381
       Rpst.: Long sword |    11 |    10 |    32 |     3 ||    56

Table legend: (Time is in decaauts)
 A = Elapsed time spent in this place.
 B = Non-inter-level travel time spent in this place.
 C = Inter-level travel time spent in this place.
 D = Time resting spent in this place.
 E = Time spent auto-exploring this place.
 F = Levels seen in this place.
 G = Mean time per level.
                   A        B        C        D        E       F      G
               +--------+--------+--------+--------+--------+-----+--------+
         Total |  10457 |  10105 |    352 |   2540 |   5581 |  10 | 1045.7 |
       Dungeon |   9852 |   9523 |    329 |   2335 |   5409 |   8 | 1231.5 |
        Temple |     52 |     29 |     23 |      0 |      0 |   1 |   52.0 |
       Ossuary |    552 |    552 |      0 |    205 |    172 |   1 |  552.0 |
               +--------+--------+--------+--------+--------+-----+--------+

Top non-repeatable levels by time:
     D:7: 2040 daAuts
     D:8: 1625 daAuts
     D:4: 1199 daAuts
     D:2: 1178 daAuts
     D:6: 1164 daAuts
     D:1: 1018 daAuts
     D:3: 915 daAuts
     D:5: 711 daAuts
 Ossuary: 552 daAuts
  Temple: 52 daAuts
